 Dungeon Crawl Stone Soup version 0.13-a0-1693-g8ac13c1 (webtiles) character file.

1874 Bruce the Thaumaturge (level 8, 0/41 HPs)
             Began as a Deep Elf Fire Elementalist on June 20, 2013.
             Slain by a centaur (9 damage)
             ... on Level 7 of the Dungeon.
             The game lasted 00:11:34 (2369 turns).

Bruce the Thaumaturge (Deep Elf Fire Elementalist)  Turns: 2369, Time: 00:11:34

HP   0/41        AC  4     Str 11      XL: 8   Next: 67%
MP  23/27        EV 13     Int 23      God:
Gold 232         SH  0     Dex 15      Spells:  5 memorised, 11 levels left

Res.Fire  : . . .   See Invis. : .   B - +2,+3 quarterstaff (chaos)
Res.Cold  : . . .   Warding    : +   a - +0 elf robe
Life Prot.: + . .   Conserve   : .   (no shield)
Res.Poison: .       Res.Corr.  : .   (no helmet)
Res.Elec. : .       Clarity    : .   q - +0 cloak
Sust.Abil.: . .     Spirit.Shd : .   (no gloves)
Res.Mut.  : .       Stasis     : .   y - +0 pair of boots
Res.Rott. : .       Flight     : .   n - amulet of warding
Saprovore : . . .                    A - +3 ring of strength
                                     w - +3 ring of strength

@: somewhat resistant to hostile enchantments, fairly stealthy
A: no striking features
a: no special abilities


You were on level 7 of the Dungeon.
You were not hungry.

You visited 1 branch of the dungeon, and saw 7 of its levels.

You collected 212 gold pieces.

Inventory:

Hand weapons
 i - a +0,+0 dagger (quivered)
 B - a +2,+3 quarterstaff of chaos (weapon)
Armour
 a - a +0 elven robe (worn)
 o - a -1 pair of boots
 q - a +0 cloak (worn)
 y - a +0 pair of boots (worn)
 C - a +0 cloak
Magical devices
 u - a wand of polymorph (9)
 F - a wand of flame (16) {unknown}
 I - a wand of draining (7) {unknown}
Comestibles
 c - 2 bread rations
 f - a meat ration
 j - 2 pears
Scrolls
 d - 2 scrolls of noise {unknown}
 h - a scroll of amnesia
 k - 2 scrolls of identify
 l - a scroll of recharging {unknown}
 m - a scroll of magic mapping
 r - a scroll of teleportation {unknown}
 t - a scroll of enchant weapon I {unknown}
 v - a scroll of remove curse
 J - 2 scrolls of curse armour {unknown}
Jewellery
 n - an amulet of warding (around neck)
 s - an uncursed ring of invisibility
 w - a +3 ring of strength (left hand)
 A - a +3 ring of strength (right hand)
 G - an uncursed amulet of resist mutation
Potions
 e - 2 potions of curing
 g - a potion of restore abilities
 p - a potion of porridge
 x - a potion of speed
 D - a potion of flight
Books
 b - a book of Flames

   Spells                             Type                      Level
   *Flame Tongue                      Conjuration/Fire             1
   *Throw Flame                       Conjuration/Fire             2
   *Conjure Flame                     Conjuration/Fire             3
   Inner Flame                        Hexes/Fire                   3
   *Sticky Flame                      Conjuration/Fire             4
   *Fireball                          Conjuration/Fire             5
 z - a book of Changes

   Spells                             Type                      Level
   Beastly Appendage                  Transmutation                1
   Sticks to Snakes                   Transmutation                2
   Spider Form                        Transmutation/Poison         3
   Ice Form                           Ice/Transmutation            4
   Blade Hands                        Transmutation                5
Magical staves
 H - an uncursed staff of summoning


   Skills:
 - Level 2.4 Dodging
 - Level 2.4 Stealth
 * Level 9.7 Spellcasting
 + Level 5.6 Conjurations
 + Level 6.5 Fire Magic


You had 11 spell levels left.
You knew the following spells:

 Your Spells              Type           Power        Failure   Level  Hunger
a - Flame Tongue          Conj/Fire      #####        1%          1    None
b - Throw Flame           Conj/Fire      #####.       1%          2    None
c - Conjure Flame         Conj/Fire      #####...     1%          3    None
d - Sticky Flame          Conj/Fire      #####...     6%          4    ##.....
e - Fireball              Conj/Fire      #####.....   14%         5    ####...


Dungeon Overview and Level Annotations

Branches:
Dungeon (7/27)
 Temple: D:4-7          Orc: D:6-11

Altars:
Nemelex Xobeh
Vehumet
Xom

Shops:
D:7: %


Message History

The centaur shoots an arrow.
The arrow hits you!
* * * LOW HITPOINT WARNING * * *
There is an escape hatch in the ceiling here.
You see here an arrow.
The centaur shoots an arrow.
The arrow misses you.
You see here an arrow.
The centaur shoots an arrow.
The arrow misses you.
The centaur shoots an arrow.
The arrow hits you!
* * * LOW HITPOINT WARNING * * *
You see here 3 arrows.
Casting: Flame Tongue
Confirm with . or Enter, or press ? or * to list all spells.
Aiming: Sticky Flame
Press: ? - help, Shift-Dir - straight line, f - centaur
Aim: a centaur, wielding a bow The sticky flame hits the centaur.
The centaur is moderately wounded.
The centaur is covered in liquid flames!
The centaur burns!
The centaur unwields an uncursed bow.
The centaur hits you!
You die...

# ... # .#.# ## . ##
#.#.# ..... .# #.#..
....# .####### #.#.#
.#..# .......##
#.#.##.....#
...#(....##...<...#.##.#
...#......(...###>.....#
%..#...#.###..((@c..##
..........##.########
###....#..##.# #
#....#..##.#
###..........#
....#......###
.####.###..# .# ###..#
.# # #....#


You could see a centaur (burning).

Vanquished Creatures
  Pikel (D:5)
  The ghost of shugdite the Shield-Bearer, an average MiFi (D:6)
  An ogre (D:6)
  A phantom (D:5)
  A sky beast (D:6)
  Sigmund (D:3)
  2 giant frogs
  3 crimson imps
  A hound (D:7)
  3 scorpions
  An iguana (D:4)
  5 worker ants
  Ijyb (D:6)
  4 adders
  A giant centipede (D:5)
  A giant mite (D:2)
  A giant eyeball (D:6)
  2 giant geckos
  9 orcs
  2 ball pythons
  8 bats
  6 giant cockroaches
  7 goblins
  8 hobgoblins
  8 jackals
  7 kobolds
  2 quokkas
  4 giant newts
  A kobold zombie (D:5)
  7 rats
100 creatures vanquished.

Vanquished Creatures (collateral kills)
  An adder (D:2)
1 creature vanquished.

Vanquished Creatures (others)
  2 dancing weapons (D:2)
  An orc (D:5)
  A kobold (D:1)
  A rat zombie (D:6)
5 creatures vanquished.

Grand Total: 106 creatures vanquished

Notes
Turn   | Place    | Note
--------------------------------------------------------------
     0 | D:1      | Bruce, the Deep Elf Fire Elementalist, began the quest for the Orb.
     0 | D:1      | Reached XP level 1. HP: 10/10 MP: 4/4
   126 | D:1      | Found a sparkling altar of Nemelex Xobeh.
   197 | D:2      | Reached XP level 2. HP: 7/15 MP: 1/7
   257 | D:2      | Reached XP level 3. HP: 11/19 MP: 1/10
   261 | D:2      | Learned a level 2 spell: Throw Flame
   265 | D:2      | Learned a level 3 spell: Conjure Flame
   675 | D:3      | Reached XP level 4. HP: 24/24 MP: 7/13
   683 | D:3      | Learned a level 4 spell: Sticky Flame
   699 | D:3      | Reached skill level 4 in Fire Magic
   865 | D:3      | Noticed Sigmund
   871 | D:3      | Killed Sigmund
   871 | D:3      | Reached XP level 5. HP: 26/28 MP: 8/18
  1073 | D:4      | Reached skill level 5 in Spellcasting
  1269 | D:5      | Entered Level 5 of the Dungeon
  1270 | D:5      | Found a radiant altar of Vehumet.
  1301 | D:5      | Noticed a phantom
  1405 | D:5      | Killed a phantom
  1405 | D:5      | Reached skill level 6 in Spellcasting
  1405 | D:5      | Reached XP level 6. HP: 19/32 MP: 4/21
  1603 | D:5      | Noticed a slave
  1604 | D:5      | Noticed a slave
  1604 | D:5      | Reached skill level 5 in Fire Magic
  1626 | D:5      | Noticed a slave
  1629 | D:5      | Noticed Pikel
  1634 | D:5      | Noticed a slave
  1638 | D:5      | Killed Pikel
  1638 | D:5      | Reached skill level 8 in Spellcasting
  1638 | D:5      | Reached XP level 7. HP: 25/36 MP: 0/24
  1661 | D:5      | Noticed Crazy Yiuf
  1674 | D:5      | Noticed Crazy Yiuf
  1674 | D:5      | Crazy Yiuf changed into Crazy Yiuf the giant centipede
  1680 | D:5      | Killed Crazy Yiuf the giant centipede
  1738 | D:6      | Noticed shugdite's ghost (average MiFi)
  1775 | D:6      | Reached skill level 5 in Conjurations
  1775 | D:6      | Reached XP level 8. HP: 34/41 MP: 5/26
  1777 | D:6      | Killed shugdite's ghost
  1777 | D:6      | Reached skill level 9 in Spellcasting
  1823 | D:6      | Noticed Ijyb
  1831 | D:6      | Killed Ijyb
  1923 | D:6      | Found a shimmering altar of Xom.
  2304 | D:7      | Found Gegeenaw's Food Shop.
  2311 | D:7      | Learned a level 5 spell: Fireball
  2369 | D:7      | Slain by a centaur

Action                   |  1- 3 |  4- 6 |  7- 9 || total
-------------------------+-------+-------+-------++-------
Melee: Unarmed           |     3 |       |       ||     3
       Dagger            |     2 |     2 |       ||     4
       Quarterstaff      |       |       |    27 ||    27
 Cast: Flame Tongue      |    52 |    77 |    20 ||   149
       Sticky Flame      |       |     7 |     8 ||    15
       Conjure Flame     |       |     2 |     4 ||     6
Evoke: Deck              |     8 |       |       ||     8
       Wand              |       |     1 |     1 ||     2
  Use: Potion            |       |     2 |     3 ||     5
       Scroll            |       |     3 |     4 ||     7
 Stab: Sleeping          |       |       |     1 ||     1
